 Dungeon Crawl Stone Soup version 0.21-a0-264-g3e31e41 (webtiles) character file.

338 Shiningcloud the Chopper (level 6, 0/55 HPs)
             Began as a Hill Orc Monk on Sept 9, 2017.
             Slain by Grinder (5 damage)
             ... on level 3 of the Dungeon.
             The game lasted 00:06:15 (1791 turns).

Shiningcloud the Chopper (Hill Orc Monk)            Turns: 1791, Time: 00:06:16

Health: 0/55       AC:  5    Str: 16    XL:     6   Next: 55%
Magic:  6/6        EV: 17    Int: 10    God:
Gold:   69         SH:  0    Dex: 18    Spells: 5/5 levels left

rFire    . . .     SeeInvis .   a - +0 hand axe
rCold    . . .     Gourm    .   (no shield)
rNeg     . . .     Faith    .   j - +0 ring mail
rPois    .         Spirit   .   (no helmet)
rElec    .         Reflect  .   (no cloak)
rCorr    .         Harm     .   (no gloves)
MR       .....                  (no boots)
Stlth    ++........             (no amulet)
HPRegen  0.18/turn              (no ring)
MPRegen  0.10/turn              (no ring)

@: agile
A: no striking features
a: no special abilities


You were on level 3 of the Dungeon.
You were hungry.

You visited 1 branch of the dungeon, and saw 3 of its levels.

You collected 69 gold pieces.

Inventory:

Hand Weapons
 a - a +0 hand axe (weapon)
Armour
 b - a +0 robe
 j - a +0 ring mail (worn)
 s - a +0 chain mail
Jewellery
 k - a cursed -3 ring of protection {unknown}
Scrolls
 e - a scroll of magic mapping {unknown}
 g - 2 scrolls of fear
 i - a scroll of remove curse {unknown}
 l - a scroll of identify
 m - a scroll of enchant armour {unknown}
 p - 2 scrolls of teleportation
 t - a scroll of enchant weapon {unknown}
Potions
 d - 2 potions of ambrosia
 n - a potion of curing {unknown}
 q - a potion of heal wounds {unknown}
Comestibles
 c - 4 bread rations
 f - 2 royal jellies
 o - a meat ration


   Skills:
 + Level 4.8 Fighting
 + Level 7.5 Axes
 * Level 3.2 Armour
 - Level 2.5 Dodging
 - Level 1.5 Stealth


You had 5 spell levels left.
You didn't know any spells.

Dungeon Overview and Level Annotations

Branches:
Dungeon (3/15)

Altars:
Trog

Annotations:
D:3 Grinder


Message History

You hit Grinder.
Grinder is moderately wounded.
Grinder gestures at you.
You barely resist. You hit Grinder.
Grinder is heavily wounded.
Grinder hits you!
* * * LOW HITPOINT WARNING * * *
You writhe in agony.
* * * LOW HITPOINT WARNING * * *
You hit Grinder.
Grinder is heavily wounded.
Grinder hits you.
* * * LOW HITPOINT WARNING * * *
You writhe in agony.
* * * LOW HITPOINT WARNING * * *
You closely miss Grinder.
Grinder is heavily wounded.
Grinder hits you.
You die...

#.###.### #
........#.......### ...
=.................
..#..#...#.......#.#.###
#............#.#.#.#.###
#.#..##...?#.#.#.#.#.##.
#....##........#.#.#.##.
...........#.#.#........
#.#..#.@...........#....
#.#..#..5...............
.#####.#........###...##....#
........>....................
######.#.....#..###K.........
#.#.....#..###..####.#.#
#.#.#......... #####...#
#.#........... .........
#.#........### #######.#


You could see Grinder.

Vanquished Creatures
  Sigmund (D:2)
  Terence (D:2)
  Natasha (twice) (D:3)
  A hound zombie (D:3)
  4 adders (D:3)
  A worm (D:3)
  3 dart slugs
  2 giant cockroaches (D:1)
  6 goblins
  4 hobgoblins
  9 bats
  4 frilled lizards
  9 kobolds
  A leopard gecko zombie (D:3)
  A quokka skeleton (D:3)
  3 rats
52 creatures vanquished.

Notes
Turn   | Place    | Note
-------+----------+-------------------------------------------
     0 | D:1      | Shiningcloud the Hill Orc Monk began the quest for the Orb.
     0 | D:1      | Reached XP level 1. HP: 19/19 MP: 1/1
   143 | D:1      | Reached XP level 2. HP: 26/27 MP: 2/2
   335 | D:1      | Reached XP level 3. HP: 15/33 MP: 3/3
   361 | D:1      | Reached skill level 1 in Armour
   659 | D:2      | Found a bloodstained altar of Trog.
   767 | D:2      | Reached skill level 5 in Axes
   832 | D:2      | Noticed Sigmund
   857 | D:2      | Killed Sigmund
   857 | D:2      | Reached skill level 6 in Axes
   857 | D:2      | Reached XP level 4. HP: 35/41 MP: 4/4
   857 | D:2      | Reached XP level 5. HP: 40/47 MP: 5/5
  1224 | D:2      | Noticed Terence
  1256 | D:2      | Killed Terence
  1256 | D:2      | Reached skill level 7 in Axes
  1256 | D:2      | Reached XP level 6. HP: 52/53 MP: 6/6
  1611 | D:3      | Noticed Natasha
  1623 | D:3      | Killed Natasha
  1759 | D:3      | Noticed Natasha
  1760 | D:3      | Noticed Grinder
  1769 | D:3      | Killed Natasha
  1791 | D:3      | Slain by Grinder

Vault maps used:
D:1:      minmay_arrival_wavy_path
D:2:      first_bread, bloody_trog, uniq_terence, uniq_sigmund
D:3:      serial_undead, serial_undead_a, serial_undead_b, serial_undead_c,
          serial_undead_f, minmay_misc_feat_more_columns, minmay_crystal_room,
          uniq_natasha, uniq_grinder

Skill      XL: |  1  2  3  4  5  6 |
---------------+-------------------+-----
Fighting       | 4 |  4.8
Armour         | 2 3 |  3.2
Axes           | 6 7 |  7.5
Dodging        | |  2.5
Stealth        | |  1.5

Action                   |  1- 3 |  4- 6 || total
-------------------------+-------+-------++-------
Melee: Hand axe          |   109 |   127 ||   236
  Use: Scroll            |     1 |     2 ||     3
       Potion            |     1 |     1 ||     2
 Stab: Sleeping          |     1 |       ||     1
  Eat: Fruit             |       |     3 ||     3
Armor: Robe              |    21 |       ||    21
       Ring mail         |    25 |    31 ||    56
       Skin              |     8 |       ||     8
Dodge: Dodged            |    87 |    64 ||   151

Table legend:
 A = Spawn XP
 B = Non-spawn XP
 C = Spawn XP percentage of total XP
 D = Spawn monster count
 E = Non-spawn monster count
 F = Spawn count percentage of total count
 G = Total turns spent on level
                    A         B        C        D         E        F      G
               +---------+---------+-------+---------+---------+-------+---------
         Total |       0 |     484 |   0.0 |       0 |      52 |   0.0 |  1791
               +---------+---------+-------+---------+---------+-------+---------
           D:1 |       0 |      46 |   0.0 |       0 |      26 |   0.0 |   658
           D:2 |       0 |     281 |   0.0 |       0 |      12 |   0.0 |   729
           D:3 |       0 |     157 |   0.0 |       0 |      14 |   0.0 |   404
               +---------+---------+-------+---------+---------+-------+---------
